 Dungeon Crawl Stone Soup version 0.28-b1-25-g9875b3fc8c (webtiles) character file.

Game seed: 9424826498518685983

735 Akaron the Conjurer (level 7, -5/42 HPs)
             Began as an Octopode Conjurer on Feb 2, 2022.
             Was an Initiate of Vehumet.
             Slain by an orc priest (10 damage)
             ... on level 5 of the Dungeon.
             The game lasted 00:10:57 (5671 turns).

Akaron the Conjurer (Octopode Conjurer)             Turns: 5671, Time: 00:10:58

Health: -5/42      AC:  1    Str:  6    XL:     7   Next: 74%
Magic:  2/12       EV: 13    Int: 23    God:    Vehumet [......]
Gold:   153        SH:  0    Dex: 10    Spells: 7/13 levels left

rFire   . . .      SeeInvis .   p - +2 short sword (protect)
rCold   . . .      Faith    .   (no shield)
rNeg    . . .      Spirit   .   (helmet restricted)
rPois   .          Reflect  .   q - amulet of magic regeneration
rElec   .          Harm     .   (no ring)
rCorr   .          Rampage  .   (no ring)
Will    .....                   (no ring)
Stlth   ++++......              (no ring)
HPRegen 0.14/turn               (no ring)
MPRegen 0.53/turn               (no ring)
                                (no ring)
                                (no ring)

@: no status effects
A: almost no armour, amphibious, 8 rings, camouflage 1, gelatinous body 1,
(nimble swimmer 1), tentacles
a: Renounce Religion


You were on level 5 of the Dungeon.
You worshipped Vehumet.
Vehumet was noncommittal.
You visited 2 branches of the dungeon, and saw 6 of its levels.

You collected 175 gold pieces.
You spent 22 gold pieces at shops.

Inventory:

Hand Weapons
 b - a +0 quarterstaff
 k - a +1 battleaxe of freezing
 p - a +2 short sword of protection (weapon)
Jewellery
 f - a ring of fire
 q - an amulet of magic regeneration (around mantle)
 v - a ring of poison resistance
Wands
 u - a wand of polymorph (12)
Scrolls
 a - 2 scrolls of teleportation
 c - a scroll of summoning {unknown}
 h - a scroll of identify
 i - a scroll of fear {unknown}
 j - a scroll of brand weapon {unknown}
 n - a scroll of noise {unknown}
 r - a scroll of vulnerability {unknown}
 s - a scroll of amnesia {unknown}
Potions
 d - 2 potions of flight
 e - 3 potions of heal wounds
 g - 6 potions of curing
 l - a potion of might {unknown}
 m - a potion of lignification {unknown}
 o - a potion of cancellation {unknown}
 t - a potion of attraction {unknown}


   Skills:
 + Level 0.3 Fighting
 + Level 0.5 Short Blades
 + Level 0.8 Staves
 + Level 2.9 Dodging
 + Level 5.1 Stealth
 + Level 3.9 Spellcasting
 + Level 6.6 Conjurations
 * Level 2.7 Hexes


You had 7 spell levels left.
You knew the following spells:

 Your Spells              Type           Power      Damage    Failure   Level
a - Magic Dart            Conj           100%       1d8       1%          1
b - Searing Ray           Conj           68%        2d6       1%          2
c - Dazzling Flash        Conj/Hex       52%        N/A       4%          3

Your spell library contained the following spells:

 Spells                   Type           Power      Damage    Failure   Level
 Animate Skeleton         Necr           8%         N/A       11%         1
 Pain                     Necr           16%        1d4       11%         1
 Confusing Touch          Hex            17%        N/A       11%         3
 Fulminant Prism          Conj/Hex       13%        3d9       16%         4
 Iskenderun's Mystic Bla  Conj/Tloc      19%        2d6       26%         4
 Vampiric Draining        Necr           4%         2d6       32%         3
 Yara's Violent Unravell  Hex/Tmut       5%         3d4       86%         5
 Enfeeble                 Hex            8%         N/A       100%        7


Dungeon Overview and Level Annotations

Branches:
Dungeon (5/15)             Temple (1/1) D:5

Altars:
Ashenzari
Cheibriados
Elyvilon
Fedhas
Gozag
Hepliaklqana
Makhleb
Nemelex Xobeh
Okawaru
Ru
Trog
Vehumet
Wu Jian
Xom
Yredelemnul

Shops:
D:4 *


Innate Abilities, Weirdness & Mutations

You cannot wear most types of armour.
You are amphibious.
You can wear up to eight rings at the same time.
Your skin changes colour to match your surroundings (Stealth+).
Your rubbery body absorbs attacks. (AC +1, EV +1)
((You are camouflaged when in or above water. (Stealth+)))
You have tentacles for arms and can constrict up to eight enemies at once.


Message History

The orc priest is healed somewhat.
The orc hits you with a +0 flail!
The searing ray misses the orc priest.
The orc priest calls upon Beogh to heal the orc.
The orc's wounds heal themselves!
The orc priest hits you with a +0 short sword.
The orc closely misses you.
The searing ray hits the orc priest!
The orc priest is almost dead.
You finish channelling your searing ray.
The orc priest casts a cantrip, but nothing happens.
The orc barely misses you.
Casting: Searing Ray (safe; 1% risk of failure)
Confirm with . or Enter, or press ? or * to list all spells.
Aiming: Searing Ray (safe; 1% risk of failure)
Press: ? - help, Shift-Dir - straight line, f/p - orc priest
Aim: an orc priest, wielding a +0 short sword (almost dead, 81% to hit)
The searing ray hits the orc priest!
You kill the orc priest!
Vehumet accepts your kill. (Press . to maintain the ray.)
The orc priest invokes the aid of Beogh against you.
Beogh smites you!
* * * LOW HITPOINT WARNING * * *
The orc completely misses you.
You hear a shout!
Casting: Searing Ray (safe; 1% risk of failure)
Confirm with . or Enter, or press ? or * to list all spells.
Restarting spell: Searing Ray (safe; 1% risk of failure)
Press: ? - help, Shift-Dir - straight line, f - orc
Aim: an orc, wielding a +0 flail and wearing a +0 ring mail (83% to hit)
The searing ray hits the orc.
The orc is lightly wounded. (Press . to maintain the ray.)
The orc hits you with a +0 flail.
* * * LOW HITPOINT WARNING * * *
The searing ray hits the orc!
The orc is almost dead.
An orc comes into view. It is wielding a +0 dagger.
The orc priest hits you from afar with a +0 trident!
You die...

.......................#.
.......................+.
.......................#.
.......................#.
.........................
...................⌠8....
.........................
.....#.#####....>.⌠8....
#### #o@...............#
....)o).$.##......⌠8...#
###o####................
.. ................. .
#.#.##..........#
..#.##.#........# ..
.#.#......... ..
...####.##.. .# .. .


You could see an orc priest and 2 orcs.

Vanquished Creatures
  A sky beast (D:5)
  3 ogres
  A centaur (D:5)
  A water moccasin skeleton (D:4)
  An orc priest (D:5)
  An iguana (D:5)
  An orc wizard (D:5)
  A hound skeleton (D:4)
  4 gnolls
  5 adders
  An ufetubus (D:4)
  A worm (D:2)
  5 dart slugs
  6 bats
  5 endoplasms
  4 giant cockroaches
  2 goblins
  8 hobgoblins
  6 quokkas
  4 ball pythons
  5 frilled lizards
  13 kobolds
  8 rats
87 creatures vanquished.

Notes
Turn   | Place    | Note
-------+----------+-------------------------------------------
     0 | D:1      | Akaron the Octopode Conjurer began the quest for the Orb.
     0 | D:1      | Reached XP level 1. HP: 11/11 MP: 3/3
   174 | D:1      | Found a faded altar of an unknown god.
   218 | D:1      | Reached XP level 2. HP: 16/17 MP: 1/5
   221 | D:1      | Learned a level 2 spell: Searing Ray
   439 | D:1      | Reached XP level 3. HP: 2/21 MP: 1/6
  1549 | D:2      | Reached skill level 5 in Conjurations
  1549 | D:2      | Reached XP level 4. HP: 27/27 MP: 4/7
  2004 | D:2      | Learned a level 3 spell: Dazzling Flash
  3423 | D:3      | Reached XP level 5. HP: 31/31 MP: 2/9
  3521 | D:3      | Reached skill level 1 in Hexes
  3714 | D:3      | Found a shimmering altar of Xom.
  4010 | D:4      | Noticed an ogre
  4020 | D:4      | Noticed an ogre
  4021 | D:4      | Killed an ogre
  4022 | D:4      | Reached XP level 6. HP: 36/36 MP: 6/10
  4038 | D:5      | Entered Level 5 of the Dungeon
  4254 | D:4      | Reached skill level 6 in Conjurations
  4275 | D:4      | Reached XP level 7. HP: 37/41 MP: 6/12
  4459 | D:4      | Found a burning altar of Makhleb.
  4483 | D:4      | Found Qoutsathrul's General Store.
  4486 | D:4      | Bought a scroll of identify for 22 gold pieces
  4828 | D:5      | Found an iron altar of Okawaru.
  5184 | D:5      | Found a staircase to the Ecumenical Temple.
  5198 | Temple   | Entered the Ecumenical Temple
  5606 | Temple   | Became a worshipper of Vehumet
  5661 | D:5      | Reached skill level 5 in Stealth
  5671 | D:5      | Slain by an orc priest

Illustrated notes

Levels and vault maps discovered:
D:1:      doesnt_arrival_eight_statues, layout_rooms,
          hellmonk_ecumenical_altar_crossroads
D:2:      layout_basic, small_statue_intersection
D:3:      layout_loops_corners, tgw_xom
D:4:      layout_rooms, general_overflow_altar, serial_shops,
          kennysheep_mini_moat
D:5:      layout_basic, tgw_kikubaaqudgha, okawaru_metal_pillars_1_2,
          mainiacjoe_overflow_divided_tiny, zin_statuary,
          minmay_temple_entry_drinking_statues, uniq_duvessa
Temple:   minmay_temple_forest_path

Skill      XL: |  1  2  3  4  5  6  7 |
---------------+----------------------+-----
Conjurations   | 5 6 |  6.6
Stealth        | 3 4 5 |  5.1
Hexes          | 1 2 |  2.7
Spellcasting   | 3 |  3.9
Fighting       | |  0.3
Short Blades   | |  0.5
Staves         | |  0.8
Dodging        | |  2.9

Action                   |  1- 3 |  4- 6 |  7- 9 || total
-------------------------+-------+-------+-------++-------
Melee: Quarterstaff      |     1 |       |       ||     1
       Short sword       |       |     4 |       ||     4
       Constrict         |       |     1 |       ||     1
 Cast: Magic Dart        |    58 |    69 |    30 ||   157
       Searing Ray       |     1 |     9 |     9 ||    19
  Use: Scroll            |       |       |     4 ||     4
Armor: Skin              |       |     4 |     1 ||     5
Dodge: Dodged            |    11 |    10 |    10 ||    31
